 Dungeon Crawl Stone Soup version 0.27.1-1-g398f81649c (webtiles) character file.

Game seed: 2630578185222782113

110 SibleyIrresistible the Gusty (level 4, 0/24 HPs)
             Began as a Tengu Air Elementalist on Sept 14, 2021.
             Killed by divine providence
             ... invoked by an orc priest
              (11 damage)
             ... on level 3 of the Dungeon.
             The game lasted 00:10:09 (2481 turns).

SibleyIrresistible the Gusty (TeAE)                 Turns: 2481, Time: 00:10:09

Health: 0/24       AC:  3    Str:  8    XL:     4   Next: 91%
Magic:  8/17       EV: 12    Int: 16    God:
Gold:   85         SH:  0    Dex: 15    Spells: 6/7 levels left

rFire    . . .     SeeInvis .   (no weapon)
rCold    . . .     Faith    .   (no shield)
rNeg     . . .     Spirit   .   a - +0 robe
rPois    .         Reflect  .   (helmet restricted)
rElec    .         Harm     .   g - +0 cloak
rCorr    .         Rampage  .   (no gloves)
Will     .....                  (boots unavailable)
Stlth    ++........             (no amulet)
HPRegen  0.08/turn              d - ring of magical power
MPRegen  0.15/turn              (no ring)

@: very slightly contaminated
A: beak, talons 3
a: no special abilities


You were on level 3 of the Dungeon.
You visited 1 branch of the dungeon, and saw 3 of its levels.

You collected 85 gold pieces.

Inventory:

Hand Weapons
 k - a +1 dagger of freezing
Missiles
 l - 2 atropa-tipped darts
Armour
 a - a +0 robe (worn)
 g - a +0 cloak (worn)
Jewellery
 d - a ring of magical power (left hand)
Scrolls
 b - a scroll of silence {unknown}
 c - a scroll of teleportation {unknown}
 e - a scroll of brand weapon {unknown}
 i - a scroll of enchant weapon {unknown}
 j - a scroll of identify {unknown}
Potions
 f - a potion of curing {unknown}
 h - a potion of flight {unknown}


   Skills:
 - Level 2.1 Dodging
 - Level 2.0 Stealth
 - Level 2.0 Spellcasting
 - Level 1.3 Conjurations
 * Level 7.2 Air Magic


You had 6 spell levels left.
You knew the following spells:

 Your Spells              Type           Power      Damage    Failure   Level
a - Shock                 Conj/Air       60%        1d6       3%          1

Your spell library contained the following spells:

 Spells                   Type           Power      Damage    Failure   Level
 Swiftness                Air            24%        N/A       3%          3
 Static Discharge         Conj/Air       15%        N/A       5%          2
 Airstrike                Air            12%        N/A       11%         4


Dungeon Overview and Level Annotations

Branches:
Dungeon (3/15)

Altars:
Elyvilon
Hepliaklqana
Xom

Shops:
D:2 *


Innate Abilities, Weirdness & Mutations

You have a beak for a mouth.
You have claws for feet.


Message History

The zap hits the orc.
The orc is severely wounded.
The zap hits the orc priest but does no damage.
The orc priest is moderately wounded.
Casting: Shock (safe; 3% risk of failure)
Confirm with . or Enter, or press ? or * to list all spells.
Aiming: Shock (safe; 3% risk of failure)
Press: ? - help, Shift-Dir - straight line, f/p - orc
Aim: an orc, wielding a +0 war axe (severely wounded, 71% to hit)
The zap misses the orc.
The zap misses the orc priest.
Casting: Shock (safe; 3% risk of failure)
Confirm with . or Enter, or press ? or * to list all spells.
Aiming: Shock (safe; 3% risk of failure)
Press: ? - help, Shift-Dir - straight line, f/p - orc
Aim: an orc, wielding a +0 war axe (severely wounded, 71% to hit)
You miscast Shock.
You are very lightly contaminated with residual magic.
Nothing appears to happen.
Casting: Shock (safe; 3% risk of failure)
Confirm with . or Enter, or press ? or * to list all spells.
Aiming: Shock (safe; 3% risk of failure)
Press: ? - help, Shift-Dir - straight line, f/p - orc
Aim: an orc, wielding a +0 war axe (severely wounded, 71% to hit)
The zap hits the orc.
The orc is almost dead.
The zap hits the orc.
The orc is heavily wounded.
The zap misses the orc priest.
Casting: Shock (safe; 3% risk of failure)
Confirm with . or Enter, or press ? or * to list all spells.
Aiming: Shock (safe; 3% risk of failure)
Press: ? - help, Shift-Dir - straight line, f/p - orc
Aim: an orc, wielding a +0 war axe (almost dead, 71% to hit)
The zap hits the orc.
You kill the orc!
The zap hits the orc.
You kill the orc!
The orc priest calls down the wrath of Beogh upon you.
Beogh smites you!
You die...

#### ##### #... ...
#...##..# ...
#...#..# ...
#.....#####. ...
#...@)))...: ...
#...###o.... ...
#.....# ... ...
#...#################
#...#................
##.###...#...#...#...
#.#.................
#.#.#...#...#...#...
#..†.....)..........


You could see an orc priest.

Vanquished Creatures
  Terence (D:2)
  2 adders
  5 worms
  A dart slug (D:1)
  7 orcs (D:3)
  2 endoplasms (D:2)
  4 giant cockroaches
  6 goblins
  5 hobgoblins (D:1)
  A jackal (D:2)
  2 ball pythons
  3 bats
  A frilled lizard (D:1)
  3 kobolds (D:1)
  4 rats
47 creatures vanquished.

Notes
Turn   | Place    | Note
-------+----------+-------------------------------------------
     0 | D:1      | SibleyIrresistible the Tengu Air Elementalist began the
                  | quest for the Orb.
     0 | D:1      | Reached XP level 1. HP: 10/10 MP: 4/4
   243 | D:1      | Reached XP level 2. HP: 15/15 MP: 3/6
   337 | D:1      | Reached skill level 5 in Air Magic
  1098 | D:2      | Reached XP level 3. HP: 19/19 MP: 7/7
  1438 | D:2      | Found a faded altar of an unknown god.
  1626 | D:2      | Found Nubauffo's General Store.
  1673 | D:2      | Noticed Terence
  1687 | D:2      | Killed Terence
  1688 | D:2      | Reached skill level 6 in Air Magic
  1688 | D:2      | Reached XP level 4. HP: 17/24 MP: 8/8
  2032 | D:3      | Found a shimmering altar of Xom.
  2033 | D:3      | Found a hazy altar of Hepliaklqana.
  2034 | D:3      | Noticed a spectral ugly thing
  2155 | D:3      | Reached skill level 7 in Air Magic
  2338 | D:3      | Found a white marble altar of Elyvilon.
  2481 | D:3      | Killed from afar by an orc priest

Illustrated notes

Levels and vault maps discovered:
D:1:      noname_arrival_rooms_in_the_neighbourhood, layout_basic,
          kennysheep_boxes
D:2:      layout_basic, hellmonk_ecumenical_altar_zigzags, serial_shops, shop,
          minmay_indecisive_spiral, uniq_terence
D:3:      layout_rooms, regret_index_temple_of_mockery,
          lemuel_coloured_pillars_altar

Skill      XL: |  1  2  3  4 |
---------------+-------------+-----
Air Magic      | 5 6 7 |  7.2
Dodging        | |  2.1
Stealth        | |  2.0
Spellcasting   | |  2.0
Conjurations   | |  1.3

Action                   |  1- 3 |  4- 6 || total
-------------------------+-------+-------++-------
Melee: Unarmed           |     5 |     8 ||    13
       Peck              |     2 |     4 ||     6
       Kick              |     1 |     2 ||     3
 Cast: Shock             |    61 |    43 ||   104
Armor: Robe              |     1 |     3 ||     4
Dodge: Dodged            |     8 |     7 ||    15
